 Dungeon Crawl Stone Soup version 0.30.1-11-g7821555f0a (webtiles) character file.

Game seed: 17731956628879363569

219 rumournova the Ducker (level 5, -8/47 HPs)
             Began as a Gnoll Wanderer on Nov 18, 2023.
             Was a Believer of Cheibriados.
             Killed by nerve-wracking pain
             ... invoked by Grinder
              (13 damage)
             ... while paralysed by Grinder
             ... on level 4 of the Dungeon.
             The game lasted 00:17:18 (3021 turns).

rumournova the Ducker (Gnoll Wanderer)              Turns: 3021, Time: 00:17:18

Health: -8/47      AC: 17    Str: 14    XL:     5   Next: 96%
Magic:  10/10      EV:  2    Int: 14    God:    Cheibriados [**....]
Gold:   67         SH:  0    Dex: 23    Spells: 10/10 levels left

rFire   . . .        q - +0 halberd (protect)
rCold   . . .        (shield currently unavailable)
rNeg    . . .        h - +0 crystal plate armour
rPois   .            (no helmet)
rElec   .            a - +0 cloak
rCorr   .            (no gloves)
SInv    .            (no boots)
Will    .....        (no amulet) Stlth
                     (no ring)
HPRegen 0.27/turn    (no ring)
MPRegen 0.12/turn

%: no passive effects
@: paralysed, studying Stealth, very slow
A: fangs 1, strong nose, distributed training
a: Renounce Religion, Bend Time


You were on level 4 of the Dungeon.
You worshipped Cheibriados.
Cheibriados was pleased with you.
You visited 1 branch of the dungeon, and saw 4 of its levels.

You collected 228 gold pieces.
You spent 161 gold pieces at shops.

Inventory:

Hand Weapons
 j - a +0 falchion
 p - a +1 heavy broad axe
 q - a +0 halberd of protection (weapon)
Missiles
 b - 4 throwing nets (quivered)
Armour
 a - a +0 cloak (worn)
 f - a +0 plate armour
 h - a +0 crystal plate armour (worn)
Jewellery
 m - a ring of ice
 o - a ring of positive energy
Scrolls
 d - 2 scrolls of fear
 n - a scroll of magic mapping {unknown}
Potions
 c - 3 potions of curing
 e - 2 potions of might
 i - 3 potions of brilliance
 k - a potion of flight {unknown}
 l - a potion of mutation {unknown}
 r - a potion of degeneration {unknown}
 s - a potion of lignification {unknown}


   Skills:
 + Level 6.8 Fighting
 + Level 1.8 Short Blades
 + Level 1.8 Long Blades
 + Level 1.8 Axes
 + Level 1.8 Maces & Flails
 + Level 1.8 Polearms
 + Level 1.8 Staves
 + Level 1.8 Ranged Weapons
 + Level 1.8 Throwing
 + Level 3.1 Armour
 + Level 6.8 Dodging
 + Level 2.2 Stealth
 + Level 1.8 Shields
 + Level 1.8 Unarmed Combat
 + Level 3.3 Spellcasting
 + Level 1.4 Conjurations
 + Level 1.4 Hexes
 + Level 1.4 Summonings
 + Level 1.4 Necromancy
 + Level 1.4 Translocations
 + Level 2.5 Transmutations
 + Level 1.4 Fire Magic
 + Level 1.4 Ice Magic
 + Level 1.4 Air Magic
 + Level 1.4 Earth Magic
 + Level 1.4 Poison Magic
 + Level 3.2 Invocations
 + Level 1.8 Evocations


You had 10 spell levels left.
You didn't know any spells.
Your spell library contained the following spells:

 Spells                   Type           Power      Damage    Failure   Level
 Apportation              Tloc           12%        N/A       100%        1
 Necrotise                Necr           24%        1d5       100%        1
 Slow                     Hex            24%        N/A       100%        1
 Summon Small Mammal      Summ           24%        N/A       100%        1
 Ensorcelled Hibernation  Hex/Ice        12%        N/A       100%        2
 Passwall                 Tmut/Erth      5%         N/A       100%        2
 Wereblood                Tmut           9%         N/A       100%        2
 Confusing Touch          Hex            6%         N/A       100%        3
 Spider Form              Tmut/Pois      7%         N/A       100%        3
 Vampiric Draining        Necr           6%         2d6       100%        3
 Anguish                  Hex/Necr       3%         N/A       100%        4


Dungeon Overview and Level Annotations

Branches:
Dungeon (4/15)
 Temple: D:4-7

Altars:
Cheibriados
Hepliaklqana
Makhleb
The Shining One

Shops:
D:3 *

Annotations:
D:4 Grinder


Innate Abilities, Weirdness & Mutations

You have very sharp teeth.
Your uncanny sense of smell can sniff out nearby items.
Your experience applies equally to all skills.


Message History

You can move again.
You hit Grinder.
Your weapon exudes an aura of protection.
You bite Grinder, but do no damage.
Grinder is severely wounded.
Grinder gestures at you.
You shrug off the repeated paralysis!
You hit Grinder but do no damage. Your bite misses Grinder.
Grinder is severely wounded.
Grinder gestures at you. Pain shoots through your body!
* * * LOW HITPOINT WARNING * * *
You hit Grinder.
Grinder is almost dead.
Grinder hits you.
* * * LOW HITPOINT WARNING * * *
Grinder hits you but does no damage.
You feel better. Grinder says, "Are you a fish?"
Grinder hits you but does no damage.
You barely miss Grinder.
Grinder is almost dead.
Grinder gestures at you.
You suddenly lose the ability to move!
Grinder hits you!
* * * LOW HITPOINT WARNING * * *
You writhe in agony.
* * * LOW HITPOINT WARNING * * *
Grinder blinks!
You can move again.
Throw: 5 throwing nets
Press: ? - help, Q - select action, (/) - cycle Shift-Dir - straight line, f - Grinder
Aim: Grinder (almost dead, 63% to hit)
You throw a throwing net.
The throwing net closely misses Grinder.
Grinder gestures at you.
You suddenly lose the ability to move!
Grinder gestures at you. Pain shoots through your body!
You die...

####....# #?.(....
#......# #......# #
#......# .#
#......#.##
##..5.!....#
#...@......#
#..............
##........##....
#....#######....
#.........##.... ##+#
#.........##.... #..#
#.........##....##.##
#.........##........##
#.....................


You could see Grinder.

Vanquished Creatures
  A jelly (D:2)
  2 iguanas (D:4)
  3 gnolls (D:3)
  3 adders (D:2)
  A white imp (D:3)
  2 worms (D:2)
  A dart slug (D:1)
  6 endoplasms
  5 giant cockroaches
  6 goblins
  5 hobgoblins
  9 jackals
  A quokka (D:3)
  6 ball pythons
  2 bats (D:1)
  5 frilled lizards
  6 kobolds
  6 rats
70 creatures vanquished.

Notes
Turn   | Place    | Note
-------+----------+-------------------------------------------
     0 | D:1      | rumournova the Gnoll Wanderer began the quest for the Orb.
     0 | D:1      | rumournova set off with the following items: a +0 dagger, 3
                  | throwing nets, a potion of curing, a scroll of fear, a +0
                  | leather armour; and the following spells available to
                  | memorise: Wereblood, Passwall.
     0 | D:1      | Reached XP level 1. HP: 23/23 MP: 4/4
   200 | D:1      | Reached XP level 2. HP: 23/29 MP: 5/5
   848 | D:1      | Reached XP level 3. HP: 35/35 MP: 7/7
  1167 | D:2      | Reached skill level 1 in Short Blades
  1167 | D:2      | Reached skill level 1 in Long Blades
  1167 | D:2      | Reached skill level 1 in Axes
  1167 | D:2      | Reached skill level 1 in Maces & Flails
  1167 | D:2      | Reached skill level 1 in Polearms
  1167 | D:2      | Reached skill level 1 in Staves
  1167 | D:2      | Reached skill level 1 in Ranged Weapons
  1167 | D:2      | Reached skill level 1 in Throwing
  1167 | D:2      | Reached skill level 1 in Stealth
  1167 | D:2      | Reached skill level 1 in Shields
  1167 | D:2      | Reached skill level 1 in Unarmed Combat
  1167 | D:2      | Reached skill level 1 in Evocations
  1216 | D:2      | Found a faded altar of an unknown god.
  1249 | D:2      | Prayed at the altar of an unknown god.
  1249 | D:2      | Became a worshipper of Cheibriados the Contemplative
  1249 | D:2      | Reached * piety under Cheibriados
  1331 | D:2      | You fall into a shaft and drop 1 floor!
  1497 | D:2      | Reached XP level 4. HP: 41/41 MP: 8/8
  1522 | D:2      | Reached skill level 1 in Conjurations
  1522 | D:2      | Reached skill level 1 in Hexes
  1522 | D:2      | Reached skill level 1 in Summonings
  1522 | D:2      | Reached skill level 1 in Necromancy
  1522 | D:2      | Reached skill level 1 in Translocations
  1522 | D:2      | Reached skill level 1 in Fire Magic
  1522 | D:2      | Reached skill level 1 in Ice Magic
  1522 | D:2      | Reached skill level 1 in Air Magic
  1522 | D:2      | Reached skill level 1 in Earth Magic
  1522 | D:2      | Reached skill level 1 in Poison Magic
  2007 | D:2      | Reached ** piety under Cheibriados
  2131 | D:2      | Reached XP level 5. HP: 39/47 MP: 9/9
  2260 | D:3      | Found Efrottuf's Assorted Antiques.
  2273 | D:3      | Bought a runed broad axe for 161 gold pieces
  2624 | D:3      | Found a hazy altar of Hepliaklqana.
  2624 | D:3      | Found a glowing golden altar of the Shining One.
  2624 | D:3      | Found a burning altar of Makhleb.
  2984 | D:4      | Noticed Grinder
  2988 | D:4      | Paralysed by Grinder for 5 turns
  3010 | D:4      | Paralysed by Grinder for 2 turns
  3016 | D:4      | Paralysed by Grinder for 3 turns
  3020 | D:4      | Paralysed by Grinder for 5 turns
  3021 | D:4      | Killed from afar by Grinder

Illustrated notes

Levels and vault maps discovered:
D:1:      roderic_crossed_star, layout_basic, minmay_cut_off
D:2:      layout_loops_ring, dreamdust_ecumenical_altar_grove,
          minmay_pentomino_p4
D:3:      layout_rooms, gammafunk_temple_overflow_claw, serial_shops, shop
D:4:      nicolae_cairo_tiling_large, layout_basic,
          lemuel_zombie_altar_yredelemnul, minmay_goblin_kobold_house,
          uniq_grinder, uniq_crazy_yiuf_cottage

Skill      XL: |  1  2  3  4  5 |
---------------+----------------+-----
Transmutations | 2 |  2.5
Short Blades   | 1 |  1.8
Long Blades    | 1 |  1.8
Axes           | 1 |  1.8
Maces & Flails | 1 |  1.8
Polearms       | 1 |  1.8
Staves         | 1 |  1.8
Ranged Weapons | 1 |  1.8
Throwing       | 1 |  1.8
Stealth        | 1 2 |  2.2
Shields        | 1 |  1.8
Unarmed Combat | 1 |  1.8
Evocations     | 1 |  1.8
Spellcasting   | 3 |  3.3
Conjurations   | 1 |  1.4
Hexes          | 1 |  1.4
Summonings     | 1 |  1.4
Necromancy     | 1 |  1.4
Translocations | 1 |  1.4
Fire Magic     | 1 |  1.4
Ice Magic      | 1 |  1.4
Air Magic      | 1 |  1.4
Earth Magic    | 1 |  1.4
Poison Magic   | 1 |  1.4
Invocations    | 3 |  3.2
Armour         | 3 |  3.1
Fighting       | |  6.8
Dodging        | |  6.8

Action                     |  1- 3 |  4- 6 || total
---------------------------+-------+-------++-------
  Melee: Dagger            |    85 |       ||    85
         Bite              |    10 |    16 ||    26
         Punch             |     4 |       ||     4
         Falchion          |    53 |    49 ||   102
         Broad axe         |       |    32 ||    32
         Halberd           |       |    25 ||    25
  Throw: Throwing net      |       |     1 ||     1
    Use: Scroll            |     5 |     5 ||    10
         Potion            |       |     3 ||     3
 Armour: Plate armour      |   122 |    41 ||   163
         Leather armour    |     3 |       ||     3
         Crystal plate arm |       |    68 ||    68
  Dodge: Dodged            |    33 |    26 ||    59
